 Dungeon Crawl Stone Soup version 0.31.0-4-g52a2dc7128 (webtiles) character file.

Game seed: 13382303317206057535

83 Gottschkopf the Trooper (level 4, 0/42 HPs)
             Began as a Minotaur Fighter on Jan 23, 2024.
             Slain by Crazy Yiuf
             ... wielding a +3 quarterstaff of chaos
              (5 damage)
             ... on level 2 of the Dungeon.
             The game lasted 00:04:59 (1646 turns).

Gottschkopf the Trooper (Minotaur Fighter)          Turns: 1646, Time: 00:05:00

Health: 0/42       AC:  9    Str: 22    XL:     4   Next: 22%
Magic:  0/3        EV:  8    Int:  5    God:
Gold:   72         SH:  4    Dex: 10    Spells: 3/3 levels left

rFire   . . .        a - +0 flail
rCold   . . .        c - +0 buckler
rNeg    . . .        e - +0 chain mail
rPois   .            (helmet restricted)
rElec   .            (no cloak)
rCorr   .            (no gloves)
SInv    .            (no boots)
Will    .....        (no amulet) Stlth
                     (no ring)
HPRegen 0.27/turn    (no ring)
MPRegen 0.08/turn

%: no passive effects
@: weak-willed, hasted, very quick
A: horns 2, retaliatory headbutt
a: no special abilities


You were on level 2 of the Dungeon.
You visited 1 branch of the dungeon, and saw 2 of its levels.

You collected 72 gold pieces.

Inventory:

Hand Weapons
 a - a +0 flail (weapon)
Armour
 c - a +0 buckler (worn)
 e - a +0 chain mail (worn)
Scrolls
 b - a scroll of teleportation {unknown}
 g - a scroll of fog {unknown}
 h - a scroll of noise {unknown}
 k - 3 scrolls of poison {unknown}
Potions
 d - a potion of might
 f - a potion of lignification {unknown}
 i - a potion of attraction {unknown}
 j - a potion of resistance {unknown}


   Skills:
 + Level 5.0 Fighting
 - Level 2.4 Maces & Flails
 + Level 5.0 Armour
 - Level 3.6 Shields


You had 3 spell levels left.
You didn't know any spells.
Your spell library contained the following spells:

 Spells                   Type           Power      Damage    Failure   Level
 Hailstorm                Conj/Ice       0%         3d5       100%        3
 Summon Ice Beast         Ice/Summ       0%         N/A       100%        3
 Sculpt Simulacrum        Ice/Alch       0%         N/A       100%        6


Dungeon Overview and Level Annotations

Branches:
Dungeon (2/15)

Altars:

Annotations:
D:2 Crazy Yiuf


Innate Abilities, Weirdness & Mutations

You have a pair of horns on your head.
You reflexively headbutt those who attack you in melee.


Message History

You sock the adder!
You kill the adder!
Found a hammer.
Found a runed translucent door.
Crazy Yiuf shouts!
Found 5 curare-tipped darts.
You open the door.
Crazy Yiuf says, "Shadow disdain broken!"
You hit Crazy Yiuf but do no damage. Crazy Yiuf barely misses you.
You hit Crazy Yiuf.
Crazy Yiuf is lightly wounded.
Crazy Yiuf hits you with a +3 quarterstaff of chaos.
You are confused.
You bump into the stone wall.
Crazy Yiuf says, "Flower shrimp blue!"
Crazy Yiuf hits you with a +3 quarterstaff of chaos!
You feel yourself speed up.
You closely miss Crazy Yiuf. Your headbutt misses Crazy Yiuf.
Crazy Yiuf is lightly wounded.
Crazy Yiuf hits you with a +3 quarterstaff of chaos.
Your willpower is stripped away!
You bump into the tree.
Crazy Yiuf hits you but does no damage.
You bump into the tree.
Crazy Yiuf closely misses you.
You bump into the stone wall.
You barely miss Crazy Yiuf.
Crazy Yiuf is lightly wounded.
Crazy Yiuf hits you with a +3 quarterstaff of chaos!
* * * LOW HITPOINT WARNING * * *
You feel your power leaking away.
You bump into the stone wall.
You feel less confused. You block Crazy Yiuf's attack.
You hit Crazy Yiuf but do no damage.
Crazy Yiuf is lightly wounded.
Crazy Yiuf cries, "Hack!
Mugger leg light."
Crazy Yiuf hits you with a +3 quarterstaff of chaos!
* * * LOW HITPOINT WARNING * * *
You hit Crazy Yiuf.
Crazy Yiuf is moderately wounded.
Crazy Yiuf hits you with a +3 quarterstaff of chaos.
You die...

######.#####
#....####........###
.....#.....# #....#
#...........
####.#..#### ♣P...♣
#........### #
##.#..#### ♣.PP♣♣
#...........
###........# ♣♣.♣♣
#..##....##.
.........### ♣.♣♣
#####....##.
###......# ♣♣.♣
#...#######.
#......# ♣.♣♣ ###.#
#. #.##..## ♣♣@♣ #.#
#. ......... #g# #.#
#. ##.####### ...
#.#######. ... #...#
#......... #.# #..)#
########## #(# #####
...... ###### # #


You could see Crazy Yiuf.

Vanquished Creatures
  4 adders (D:2)
  A dart slug (D:1)
  2 ball pythons
  5 bats (D:1)
  4 endoplasms (D:1)
  A giant cockroach (D:2)
  4 goblins
  3 hobgoblins
  7 jackals
  A quokka (D:1)
  3 frilled lizards (D:1)
  3 kobolds (D:1)
  3 rats
41 creatures vanquished.

Notes
Turn   | Place    | Note
-------+----------+-------------------------------------------
     0 | D:1      | Gottschkopf the Minotaur Fighter began the quest for the
                  | Orb.
     0 | D:1      | Reached XP level 1. HP: 19/19 MP: 0/0
   127 | D:1      | Reached XP level 2. HP: 24/27 MP: 1/1
   742 | D:1      | Reached XP level 3. HP: 34/34 MP: 2/2
  1300 | D:2      | Reached XP level 4. HP: 33/41 MP: 3/3
  1422 | D:2      | Reached skill level 5 in Fighting
  1427 | D:2      | Reached skill level 5 in Armour
  1559 | D:2      | Found a runed translucent door.
  1560 | D:2      | Noticed Crazy Yiuf
  1646 | D:2      | Slain by Crazy Yiuf

Illustrated notes

Levels and vault maps discovered:
D:1:      reono_arrival_forest_river, layout_basic, serial_co_window_serial,
          co_window_paths_a, co_window_paths_b, co_window_paths_b,
          co_window_corner_a, co_window_of_opportunity_a, co_window_corner_a,
          co_window_paths_a, co_window_unsneaky_path_e, co_window_corner_cb,
          co_window_2corner, co_window_paths_c, co_window_of_opportunity_c,
          co_window_of_opportunity_c, minmay_fountain_box
D:2:      layout_basic, uniq_crazy_yiuf_cottage

Skill      XL: |  1  2  3  4 |
---------------+-------------+-----
Fighting       | 4 5 |  5.0
Armour         | 4 5 |  5.0
Maces & Flails | |  2.4
Shields        | |  3.6

Action                     |  1- 3 |  4- 6 || total
---------------------------+-------+-------++-------
  Melee: Flail             |    74 |    19 ||    93
         Headbutt          |     6 |     3 ||     9
 Armour: Chain mail        |    53 |    21 ||    74
  Dodge: Dodged            |    22 |     8 ||    30
  Block: Buckler           |    19 |     3 ||    22
